Map: Corrosion EC

Players

CheshirSmile - Winner!

  • Race: Terran Terran
  • League: Diamond
  • Spawn Location: 11:00

HoldTheDoor

  • Race: Protoss Protoss
  • League: Diamond
  • Spawn Location: 5:00

VOD

Have the link to the VOD?

Description

Time

  • Played on: July 14, 2018, 2 p.m.
  • Length: 11:37
Show
View Real Time Build Order
Export as new Build Order

CheshirSmile Terran - Winner!

Build Orders:  

Get SALT Encoding   

  12  0:00  SCV  
  13  0:12  SCV  
  14  0:18  Supply Depot  
  14  0:25  SCV  
  15  0:40  SCV  
  15  0:41  Barracks  
  16  0:47  Refinery  
  16  0:52  SCV  
  17  0:57  Refinery  
  17  1:04  SCV  
  17  1:08  Supply Depot  
  18  1:16  SCV  
  19  1:32  Orbital Command  
  19  1:34  Barracks Tech Lab  
  19  1:50  Factory  
  19  1:52  Marine  
  20  1:58  SCV  
  21  2:10  SCV  
  22  2:21  Barracks Reactor  
  22  2:24  SCV  
  23  2:34  Starport  
  23  2:37  SCV  
  24  2:40  Siege Tank  
  27  2:48  Supply Depot  
  27  2:49  SCV  
  28  2:57  Marine x2  
  30  3:11  SCV  
  30  3:12  Medivac  
  33  3:15  Marine x2  
  33  3:17  Supply Depot  
  35  3:27  Command Center  
  35  3:33  SCV  
  36  3:41  Siege Tank  
  38  3:48  Marine x2, Medivac  
  40  3:50  SCV  
  43  4:02  SCV  
  44  4:06  Marine x2  
  44  4:09  Supply Depot, Bunker  
  46  4:24  Marine  
  46  4:30  Marine  
  48  4:36  Medivac  
  48  4:37  Siege Tank  
  44  5:02  Marine x2  
  44  5:03  Barracks  
  44  5:04  Barracks  
  44  5:05  Barracks  
  46  5:07  Barracks  
  46  5:09  Siege Tank  
  46  5:10  Supply Depot  
  49  5:32  Marine  
  49  5:33  Starport Reactor  
  50  5:40  Engineering Bay  
  50  5:42  Engineering Bay  
  50  5:43  Supply Depot  
  50  5:47  Supply Depot  
  41  5:59  Orbital Command  
  41  6:01  Marine  
  42  6:15  Marine x3  
  45  6:31  Marine x2  
  38  6:44  Refinery  
  38  6:47  Barracks Tech Lab x2  
  38  6:48  Barracks Reactor  
  38  6:49  Barracks Reactor  
  38  6:56  Missile Turret  
  38  6:58  Siege Tank  
  38  7:00  Marine x2  
  43  7:05  Medivac  
  43  7:07  SCV  
  43  7:08  SCV  
  47  7:17  Marine  
  47  7:19  SCV  
  47  7:20  SCV, Stimpack  
  38  7:39  Marine  
  38  7:40  Marine x3  
  30  7:49  Marine  
  30  7:50  Marine x2  
  29  7:55  Siege Tank  
  29  7:56  Marine  
  29  7:57  Marine x2  
  29  7:58  Marine  
  36  8:09  Orbital Command  
  35  8:19  Marine x6  
  43  8:20  Marauder  
  43  8:40  Marine x2  
  31  8:55  Marine x3  
  31  9:12  Combat Shields  
  31  9:13  Marine  
  31  9:14  Marine  
  31  9:15  Medivac  
  31  9:16  SCV  
  36  9:21  Concussive Shells  
  36  9:23  Marine x3  
  39  9:31  SCV  
  39  9:32  SCV  
  39  9:38  Marine x4  
  41  9:41  Medivac  
  41  9:45  Medivac  
  49  9:48  Marine x2  
  51  9:54  Marine x2  
  51  9:57  SCV, Marauder  
  56  10:05  Marine x2  
  58  10:11  Medivac  
  60  10:16  Marauder, Marine x2  
  64  10:29  Marine x2  
  64  10:32  Marine, Bunker  
  64  10:33  SCV  
  64  10:34  Bunker  
  68  10:39  SCV  
  69  10:45  SCV  
  69  10:47  Marine  
  69  10:48  Marine x2  
  73  10:51  SCV  
  74  11:03  Marine x4  
  74  11:04  Marauder  
Show
View Real Time Build Order
Export as new Build Order

HoldTheDoor Protoss 

Build Orders:  

Get SALT Encoding   

  12  0:01  Probe  
  13  0:13  Probe  
  14  0:22  Pylon  
  14  0:25  Probe  
  15  0:39  Probe  
  16  0:44  Gateway  
  16  0:47  Probe  
  16  0:49  Assimilator  
  16  0:56  Assimilator, Probe  
  18  1:08  Probe  
  19  1:20  Probe  
  19  1:25  Gateway  
  20  1:32  Probe  
  21  1:35  Cybernetics Core  
  21  1:44  Probe  
  21  1:45  Pylon  
  22  1:54  Warp Gate  
  22  1:56  Probe  
  23  2:08  Probe  
  23  2:12  Stalker  
  23  2:13  Stalker  
  28  2:21  Probe  
  29  2:23  Pylon  
  29  2:33  Probe  
  30  2:42  Stalker  
  32  2:45  Probe  
  33  3:01  Stalker  
  33  3:05  Robotics Facility  
  34  3:15  Shield Battery  
  34  3:16  Probe  
  35  3:20  Pylon  
  35  3:28  Probe  
  36  3:38  Gateway  
  36  3:40  Pylon  
  36  3:44  Shield Battery  
  36  3:46  Immortal  
  36  3:48  Shield Battery  
  36  3:53  Pylon  
  36  4:01  Probe  
  41  4:13  Probe  
  41  4:14  Stalker  
  44  4:18  Sentry  
  44  4:19  Observer  
  47  4:36  Stalker  
  47  4:37  Stalker  
  48  5:00  Stalker  
  50  5:11  Probe  
  51  5:17  Pylon  
  51  5:20  Forge  
  51  5:31  Stalker x2  
  51  5:33  Sentry  
  57  5:39  Probe, Immortal  
  62  6:03  Stalker  
  62  6:04  Stalker  
  66  6:10  Probe  
  67  6:18  Photon Cannon  
  55  6:26  Stalker  
  52  6:46  Probe  
  53  6:58  Probe  
  54  7:10  Probe  
  55  7:22  Probe  
  35  7:56  Stalker  
  35  7:57  Stalker  
  35  7:58  Stalker  
  37  8:54  Protoss Ground Armor Level 1  
  33  9:05  Immortal  
  33  9:07  Stalker x3  
  33  9:09  Probe  
  44  9:17  Nexus  
  44  9:19  Pylon  
  44  9:21  Assimilator, Probe  
  45  9:26  Assimilator  
  45  9:28  Gateway  
  45  9:29  Gateway  
  45  9:33  Probe  
  46  9:42  Pylon  
  46  9:51  Observer  
  46  9:52  Probe  
  48  10:04  Probe  
  49  10:11  Stalker  
  51  10:16  Probe  
  51  10:20  Observer  
  53  10:28  Probe  
  54  10:31  Probe  
  55  10:40  Probe  
  56  10:43  Probe  
  56  10:49  Sentry  
  59  10:50  Sentry  
  59  10:52  Probe  
  62  10:59  Twilight Council  
  62  11:02  Probe  
  63  11:07  Zealot  
  63  11:09  Sentry x2  
  59  11:22  Zealot  
  59  11:23  Zealot  
  51  11:30  Zealot  
  43  11:34  Zealot x2  
Tags
 
Add a new tag
Caveats
  • Supply blocks, unpowered buildings, or Contaminate may cause inaccurate times.
  • Supply counts are checked every 10 seconds.